 Dungeon Crawl Stone Soup version 0.19.1 (webtiles) character file.

7429 Pytinka the Cleaver (level 10, -33/77 HPs)
             Began as a Minotaur Fighter on Dec 24, 2016.
             Annihilated by an orc knight
             ... wielding a +0 great sword
              (40 damage)
             ... on level 1 of the Orcish Mines.
             The game lasted 00:24:00 (8766 turns).

Pytinka the Cleaver (Minotaur Fighter)              Turns: 8766, Time: 00:24:02

Health: -33/77     AC: 17    Str: 24    XL:     10   Next: 93%
Magic:  9/9        EV: 13    Int:  7    God:    Xom [......]
Gold:   224        SH: 11    Dex: 10    Spells: 0 memorised, 9 levels left

rFire  + + +     SeeInvis .     a - +1 broad axe (freeze)
rCold  . . .     Gourm    .     L - +0 mottled dragon scales
rNeg   + . .     Faith    .     c - +0 shield
rPois  .         Spirit   .     j - +1 hat
rElec  .         Reflect  .     s - +0 cloak
rCorr  .         Harm     +     m - +0 pair of gloves
MR     +....     NoCast   +     F - +2 pair of boots of Mialepn {-Cast +Fly rF+++ rN+}
Stlth  +.........               y - amulet of harm
                                v - ring of protection from magic
                                B - +2 ring of evasion

@: very slightly contaminated, invisible
A: retaliatory headbutt, horns 2, molten scales 1, clever 1, frail 1, screaming
1
a: Renounce Religion, Evoke Flight


You were on level 1 of the Orcish Mines.
You worshipped Xom.
You were a very special plaything of Xom.
You were not hungry.

You visited 3 branches of the dungeon, and saw 12 of its levels.

You collected 629 gold pieces.
You spent 405 gold pieces at shops.

Inventory:

Hand Weapons
 a - a +1 broad axe of freezing (weapon)
 w - a +1 antimagic hand axe
 z - a +0 war axe of electrocution
Armour
 c - a +0 shield (worn)
 j - a +1 hat (worn)
 m - a +0 pair of gloves (worn)
 s - a +0 cloak (worn)
 F - the +2 pair of boots of Mialepn (worn) {-Cast +Fly rF+++ rN+}
   (You bought it in a shop on level 5 of the Dungeon)

   It renders you almost immune to fire.
   It protects you from negative energy.
   It lets you fly.
   It prevents spellcasting.
 G - a +3 ring mail
 L - +0 mottled dragon scales (worn)
Jewellery
 e - an uncursed ring of flight
 q - an uncursed ring of protection from cold
 v - a ring of protection from magic (right hand)
 y - an amulet of harm (around neck)
 B - a +2 ring of evasion (left hand)
Wands
 o - a wand of heal wounds (5/9)
 r - a wand of polymorph (5/24)
 E - a wand of polymorph (5/24)
 K - a wand of confusion (22/48)
Scrolls
 g - 4 scrolls of remove curse
 i - 5 scrolls of teleportation
 l - a scroll of magic mapping
 t - 4 scrolls of recharging
 u - 6 scrolls of identify
Potions
 d - 3 potions of might
 k - a potion of cancellation
 n - a potion of curing
 J - a potion of heal wounds
 O - a potion of mutation {unknown}
Books
 b - a book of Maledictions

   Spells                             Type                      Level
   a - Corona                         Hexes                        1
   b - Ensorcelled Hibernation        Hexes/Ice                    2
   c - Confuse                        Hexes                        3
   d - Tukima's Dance                 Hexes                        3
   e - Dazzling Spray                 Conjuration/Hexes            3
 h - a Young Poisoner's Handbook

   Spells                             Type                      Level
   a - Sting                          Conjuration/Poison           1
   b - Mephitic Cloud                 Conjuration/Poison/Air       3
   c - Olgreb's Toxic Radiance        Poison                       4
   d - Alistair's Intoxication        Transmutation/Poison         5
   e - Venom Bolt                     Conjuration/Poison           5
 H - a book of Cantrips

   Spells                             Type                      Level
   a - Confusing Touch                Hexes                        1
   b - Animate Skeleton               Necromancy                   1
   c - Summon Small Mammal            Summoning                    1
   d - Apportation                    Translocation                1
Comestibles
 f - 3 bread rations
 p - a beef jerky
 x - 13 fruits
 D - a royal jelly
 M - 2 slices of pizza


   Skills:
 + Level 7.2 Fighting
 * Level 14.8 Axes
 + Level 7.6 Armour
 + Level 4.0 Dodging
 + Level 1.5 Stealth
 + Level 8.5 Shields


You had 9 spell levels left.
You didn't know any spells.

Dungeon Overview and Level Annotations

Branches:
Dungeon (10/15)            Temple (1/1) D:5            Lair (0/6) D:8
    Orc (1/2) D:10

Altars:
Ashenzari
Cheibriados
Dithmenos
Elyvilon
Gozag
Hepliaklqana
Kikubaaqudgha
Makhleb
Nemelex Xobeh
Okawaru
Sif Muna
Trog
Vehumet
Xom
Yredelemnul
The Shining One

Shops:
D:5 ![%?   D:7 %


Innate Abilities, Weirdness & Mutations

You reflexively headbutt those who attack you in melee.
You have a pair of horns on your head.
You are partially covered in molten scales. (AC +2)
Your mind is acute. (Int +2)
You are frail. (-10% HP)
You occasionally shout uncontrollably at your foes.


Message History

The orc knight roars a battlecry!
The orc knight goes into a battle-frenzy!
The ogre hits you but does no damage.
There is a staircase back to the Dungeon, spattered with blood here.
Okay, then.
Okay, then.
You fade into invisibility!
The troll closely misses you. The troll claws you but does no damage.
You block the troll's attack. The orc knight misses you.
You furiously retaliate!
You headbutt the orc knight. You block the orc warrior's attack.
The orc warrior closely misses you. The orc knight barely misses you.
The ogre misses you. You furiously retaliate!
You headbutt the ogre.
You are very lightly contaminated with residual magic.
The troll misses you. The troll barely misses you.
You block the troll's attack. The orc misses you.
The orc warrior misses you. x2
The orc knight hits you with a great sword!!
Ouch! That really hurt!
You die...
Xom titters!

...>.....
.........
.....$...##
.....o..#.##
...........#
.....o...#
##.Ooo.#
#..o@T.#
##.§oo.#
##.......
##.#..#.#
###...##
#.## ##


You could see 2 orc knights, a troll, 2 orc warriors, an ogre, an orc priest, an
orc wizard and an orc.

Vanquished Creatures
  A hill giant (D:10)
  2 centaur zombies (D:10)
  A troll (D:10)
  Prince Ribbit (D:6)
  A hippogriff (D:9)
  6 yaks (D:7)
  Edmund (D:5)
  A mottled dragon (D:8)
  Duvessa (D:6)
  9 orc warriors
  A swamp drake (D:5)
  2 black bears (D:10)
  4 phantoms
  2 sky beasts
  An eye of draining (D:3)
  4 ogres
  A centaur (D:10)
  A crocodile (D:6)
  2 bullfrogs
  Blork the orc (D:5)
  A water moccasin zombie (D:7)
  Dowan (D:6)
  3 scorpions
  3 killer bees (D:9)
  5 wights (D:7)
  2 electric eels (D:10)
  4 howler monkeys
  4 crimson imps
  A bullfrog zombie (D:5)
  9 orc priests
  A jelly (D:10)
  A quasit (D:5)
  Crazy Yiuf (D:6)
  A centaur skeleton (D:8)
  An iron imp (D:5)
  15 orc wizards
  Jessica (D:9)
  8 worker ants
  A hound skeleton (D:4)
  10 adders
  8 gnolls
  A howler monkey skeleton (D:7)
  2 shadow imps
  2 adder skeletons
  2 worms
  6 dart slugs
  3 leopard geckos
  48 orcs
  4 giant cockroaches
  8 goblins
  7 hobgoblins
  5 jackals
  5 quokkas
  6 bats
  4 frilled lizards
  A jackal skeleton (D:4)
  4 kobolds
  2 leopard gecko skeletons
  6 rats
  A spectral orc (D:8)
241 creatures vanquished.

Vanquished Creatures (collateral kills)
  A phantom (D:9)
1 creature vanquished.

Vanquished Creatures (others)
  2 orcs (D:10)
2 creatures vanquished.

Grand Total: 244 creatures vanquished

Notes
Turn   | Place    | Note
-------+----------+-------------------------------------------
     0 | D:1      | Pytinka the Minotaur Fighter began the quest for the Orb.
     0 | D:1      | Reached XP level 1. HP: 19/19 MP: 0/0
   134 | D:1      | Reached XP level 2. HP: 24/27 MP: 1/1
   656 | D:1      | Reached XP level 3. HP: 33/33 MP: 2/2
   769 | D:2      | Reached skill level 3 in Axes
  1110 | D:3      | Reached XP level 4. HP: 7/40 MP: 3/3
  1399 | D:3      | Found an opulent altar of Gozag.
  1669 | D:3      | Reached skill level 4 in Axes
  1669 | D:3      | Reached skill level 1 in Dodging
  1737 | D:3      | Reached XP level 5. HP: 46/46 MP: 4/4
  1761 | D:3      | Found an ancient bone altar of Kikubaaqudgha.
  1832 | D:3      | Found a bloodstained altar of Trog.
  1832 | D:3      | Noticed an eye of draining
  1844 | D:3      | Killed an eye of draining
  1844 | D:3      | Reached skill level 5 in Axes
  2080 | D:3      | Found a faded altar of an unknown god.
  2080 | D:3      | Found a faded altar of an unknown god.
  2085 | D:3      | Found a burning altar of Makhleb.
  2087 | D:3      | Found a faded altar of an unknown god.
  2088 | D:3      | Found a faded altar of an unknown god.
  2090 | D:3      | Reached XP level 6. HP: 53/53 MP: 1/5
  2403 | D:4      | Reached skill level 6 in Axes
  2794 | D:5      | Entered Level 5 of the Dungeon
  2897 | D:5      | Reached skill level 5 in Shields
  2907 | D:5      | Found a shattered altar of Ashenzari.
  2943 | D:5      | Reached skill level 5 in Armour
  2943 | D:5      | Reached XP level 7. HP: 36/60 MP: 2/6
  2947 | D:5      | Found a staircase to the Ecumenical Temple.
  3083 | D:5      | Found Tohyodd's Distillery.
  3104 | D:5      | Noticed Blork the orc
  3113 | D:5      | Killed Blork the orc
  3113 | D:5      | Reached skill level 7 in Axes
  3364 | D:5      | Found Lumuohux's Antique Armour Emporium.
  3367 | D:5      | Bought a pair of gloves for 130 gold pieces
  3393 | Temple   | Entered the Ecumenical Temple
  3447 | Temple   | Became a worshipper of Xom the Begetter of Discontinuities
  3470 | D:5      | XOM: silly message
  3471 | D:5      | XOM: god gift: ring of protection from fire {god gift}
  3494 | D:5      | Found Lioth's Food Emporium.
  3532 | D:5      | XOM: cleaving
  3546 | D:5      | Reached skill level 5 in Fighting
  3546 | D:5      | Reached skill level 8 in Axes
  3554 | D:5      | Gained mutation: You occasionally shout uncontrollably at your foes. [mutagenic meat]
  3555 | D:5      | Gained mutation: You possess an exceptional clarity of mind. [mutagenic meat]
  3556 | D:5      | Gained mutation: You passively map a small area around you. [mutagenic meat]
  3557 | D:5      | Gained mutation: You are frail. (-10% HP) [mutagenic meat]
  3558 | D:5      | Gained mutation: You are clumsy. (Dex -2) [mutagenic meat]
  3559 | D:5      | Gained mutation: Scrolls take you a little longer to read. [mutagenic meat]
  3560 | D:5      | XOM: polymorph crimson imp -> iron imp
  3609 | D:5      | Found Ejobb's Magic Scroll Shoppe.
  3691 | D:5      | XOM: scenery: create altars
  3712 | D:5      | Reached XP level 8. HP: 52/61 MP: 2/7
  3762 | D:5      | XOM: stat loss: -1 Int (3/5)
  3828 | D:5      | Noticed Edmund
  3854 | D:5      | XOM: 3-stop teleportation journey
  3860 | D:5      | Lost mutation: You passively map a small area around you. [potion of cure mutation]
  3860 | D:5      | Lost mutation: You possess an exceptional clarity of mind. [potion of cure mutation]
  3860 | D:5      | Lost mutation: Scrolls take you a little longer to read. [potion of cure mutation]
  3860 | D:5      | Lost mutation: You are frail. (-10% HP) [potion of cure mutation]
  3861 | D:5      | Lost mutation: You are clumsy. (Dex -2) [potion of cure mutation]
  3861 | D:5      | Lost mutation: You occasionally shout uncontrollably at your foes. [potion of cure mutation]
  3902 | D:5      | XOM: fake destruction
  3915 | D:5      | Killed Edmund
  3939 | D:5      | XOM: god gift: bronze wand {god gift}
  4001 | D:5      | Found a glowing golden altar of the Shining One.
  4005 | D:5      | Reached skill level 9 in Axes
  4118 | D:5      | XOM: polymorph ogre -> swamp drake
  4130 | D:5      | XOM: noise
  4221 | D:6      | XOM: divination: detect items
  4264 | D:6      | Found an iron altar of Okawaru.
  4341 | D:6      | Noticed Duvessa
  4341 | D:6      | Noticed Dowan
  4346 | D:6      | XOM: divination: magic mapping
  4350 | D:6      | Killed Duvessa
  4360 | D:6      | Killed Dowan
  4388 | D:6      | XOM: cloud trail
  4399 | D:6      | Found a sparkling altar of Nemelex Xobeh.
  4603 | D:6      | XOM: harmless Summ miscast
  4693 | D:6      | Reached skill level 10 in Axes
  4871 | D:6      | XOM: divination: detect creatures
  4979 | D:6      | Found a runed door.
  4984 | D:6      | Noticed Crazy Yiuf
  4992 | D:6      | Killed Crazy Yiuf
  5075 | D:6      | XOM: divination: detect items
  5214 | D:7      | XOM: potion effect (might)
  5223 | D:7      | Reached XP level 9. HP: 67/75 MP: 2/8
  5228 | D:7      | XOM: potion effect (curing)
  5230 | D:7      | XOM: potion effect (haste)
  5231 | D:7      | Reached skill level 1 in Stealth
  5234 | D:7      | Reached skill level 11 in Axes
  5332 | D:7      | XOM: silly message
  5337 | D:7      | XOM: noise
  5397 | D:7      | Noticed Prince Ribbit
  5431 | D:7      | XOM: repel stairs
  5440 | D:6      | XOM: repel stairs
  5447 | D:6      | XOM: enchant monster (bad)
  5449 | D:6      | Killed Prince Ribbit
  5449 | D:6      | Reached skill level 12 in Axes
  5941 | D:7      | XOM: potion effect (might)
  6006 | D:7      | Found Muloqi's Food Boutique.
  6310 | D:5      | Bought a pair of fine boots for 275 gold pieces
  6320 | D:5      | Identified the +2 pair of boots of Mialepn {-Cast +Fly rF+++ rN+} (You bought it in a shop on level 5 of the Dungeon)
  6416 | D:8      | Found a staircase to the Lair.
  6654 | D:8      | XOM is BORED!
  6736 | D:8      | Found a shadowy altar of Dithmenos.
  6794 | D:8      | Reached XP level 10. HP: 84/84 MP: 9/9
  6867 | D:8      | Found a basalt altar of Yredelemnul.
  6882 | D:8      | XOM: god gift: wooden wand {god gift}
  6972 | D:8      | Reached skill level 13 in Axes
  6999 | D:9      | XOM: confuse monster(s)
  7081 | D:9      | XOM: summons friendly iron imp
  7315 | D:9      | Found a hazy altar of Hepliaklqana.
  7552 | D:9      | Noticed Jessica
  7558 | D:9      | Found a deep blue altar of Sif Muna.
  7569 | D:9      | Killed Jessica
  7627 | D:9      | XOM: god gift: chain mail {god gift}
  7771 | D:10     | Entered Level 10 of the Dungeon
  7783 | D:10     | XOM: confuse monster(s)
  7802 | D:10     | XOM: blink monster(s)
  7960 | D:10     | XOM: harmless Hex miscast
  8096 | D:10     | Noticed a hill giant
  8097 | D:10     | Reached skill level 14 in Axes
  8104 | D:10     | Killed a hill giant
  8143 | D:10     | XOM: 1-stop teleportation journey
  8280 | D:10     | XOM: give mutations
  8280 | D:10     | Gained mutation: You are partially covered in molten scales. (AC +2) [Xom's mischief]
  8280 | D:10     | Gained mutation: You are frail. (-10% HP) [Xom's mischief]
  8280 | D:10     | Gained mutation: Your mind is acute. (Int +2) [Xom's mischief]
  8280 | D:10     | Gained mutation: You occasionally shout uncontrollably at your foes. [Xom's mischief]
  8313 | D:10     | XOM: confusion (+ monsters)
  8744 | D:10     | Found a staircase to the Orcish Mines.
  8753 | Orc:1    | Entered Level 1 of the Orcish Mines
  8753 | Orc:1    | Noticed an orc knight
  8753 | Orc:1    | Noticed an orc knight
  8759 | D:10     | XOM: destruction
  8764 | Orc:1    | XOM: smoke on damage
  8766 | Orc:1    | Annihilated by an orc knight

Skill      XL: |  1  2  3  4  5  6  7  8  9 10 |
---------------+-------------------------------+-----
Shields        | 4 5 6 7 8 |  8.5
Armour         | 4 5 6 7 |  7.6
Axes           | 3 4 5 6 8 10 12 14 | 14.8
Fighting       | 4 5 6 7 |  7.2
Dodging        | 1 2 4 |  4.0
Stealth        | 1 |  1.5

Action                   |  1- 3 |  4- 6 |  7- 9 | 10-12 || total
-------------------------+-------+-------+-------+-------++-------
Melee: War axe           |   103 |    66 |    63 |    81 ||   313
       Headbutt          |    15 |    21 |    58 |    28 ||   122
       Hand axe          |       |    77 |   328 |       ||   405
       Broad axe         |       |       |       |    85 ||    85
  Use: Scroll            |     1 |       |    12 |     1 ||    14
       Potion            |       |       |     9 |     1 ||    10
 Stab: Confused          |       |       |       |     1 ||     1
  Eat: Bread ration      |     1 |       |     2 |     2 ||     5
       Meat ration       |     1 |       |       |       ||     1
       Chunk             |       |       |     8 |       ||     8
Armor: Scale mail        |    42 |    46 |    98 |       ||   186
       Skin              |       |       |     1 |       ||     1
       Ring mail         |       |       |    14 |     3 ||    17
       Mottled dragon sc |       |       |       |    41 ||    41
Dodge: Dodged            |    32 |    41 |   105 |    60 ||   238
Block: Shield            |    51 |    61 |   119 |    77 ||   308
